 Dungeon Crawl Stone Soup version 0.31-a0-7-g51783674b7 (webtiles) character file.

Game seed: 4031965244198528415

138 cheesebisquit the Covered (level 5, -9/48 HPs)
             Began as an Armataur Fighter on May 5, 2023.
             Killed from afar by Jessica (21 damage)
             ... with a bolt of light
             ... on level 3 of the Dungeon.
             The game lasted 00:05:47 (1512 turns).

cheesebisquit the Covered (Armataur Fighter)        Turns: 1512, Time: 00:05:48

Health: -9/48      AC:  8    Str: 23    XL:     5   Next: 1%
Magic:  5/5        EV:  7    Int:  8    God:
Gold:   114        SH:  4    Dex: 10    Spells: 4/4 levels left

rFire   . . .        h - +2 whip (vamp)
rCold   . . .        c - +0 buckler
rNeg    . . .        b - +0 scale mail
rPois   .            (no helmet)
rElec   .            (no cloak)
rCorr   .            w - +0 pair of gloves
SInv    .            (no barding)
Will    .....        (no amulet) Stlth
                     s - ring of flight
HPRegen 0.28/turn    (no ring)
MPRegen 0.09/turn

%: roll
@: mighty, flying
A: large, rugged brown scales 3, deformed body, armoured tail, roll, long
tongue, awkward tongue
a: no special abilities


You were on level 3 of the Dungeon.
You visited 1 branch of the dungeon, and saw 3 of its levels.

You collected 114 gold pieces.

Inventory:

Hand Weapons
 a - a +0 flail
 h - a +2 vampiric whip (weapon)
Missiles
 f - 5 poisoned darts (quivered)
Armour
 b - a +0 scale mail (worn)
 c - a +0 buckler (worn)
 w - a +0 pair of gloves (worn)
Jewellery
 s - a ring of flight (left hand)
Scrolls
 e - 3 scrolls of teleportation {unknown}
 i - a scroll of torment {unknown}
 k - a scroll of immolation {unknown}
 l - a scroll of vulnerability {unknown}
 m - 2 scrolls of poison {unknown}
 o - 2 scrolls of enchant weapon {unknown}
 r - a scroll of magic mapping {unknown}
 t - a scroll of identify {unknown}
 u - a scroll of butterflies {unknown}
 v - a scroll of amnesia {unknown}
Potions
 g - a potion of berserk rage {unknown}
 j - 2 potions of attraction {unknown}
 n - a potion of lignification {unknown}
 p - a potion of heal wounds {unknown}
 q - 2 potions of brilliance {unknown}


   Skills:
 + Level 3.4 Fighting
 + Level 2.8 Maces & Flails
 + Level 4.6 Armour
 + Level 4.2 Shields


You had 4 spell levels left.
You didn't know any spells.
Your spell library contained the following spells:

 Spells                   Type           Power      Damage    Failure   Level
 Foxfire                  Conj/Fire      0%         2x1d4     77%         1
 Sting                    Tmut/Pois      0%         1d3       77%         1
 Poisonous Vapours        Pois/Air       0%         N/A       88%         2
 Olgreb's Toxic Radiance  Pois           0%         N/A       100%        4
 Fireball                 Conj/Fire      0%         3d3       100%        5
 Plasma Beam              Fire/Air       0%         2x1d11    100%        6
 Starburst                Conj/Fire      0%         6d3       100%        6


Dungeon Overview and Level Annotations

Branches:
Dungeon (3/15)

Altars:

Shops:
D:3 [

Annotations:
D:3 Grinder, Jessica


Innate Abilities, Weirdness & Mutations

You are completely covered in rugged brown scales. (AC +3, +7% HP)
Armour fits poorly on your strangely shaped body.
You have a long armoured tail.
You roll when moving toward enemies. (Rampage)
Your long tongue fully drains potion bottles. (2x potion effects)
Your tongue gives you trouble enunciating. (1.5x scroll delay)


Message History

You completely miss the adder.
The adder is moderately wounded.
You block the adder's attack. The adder barely misses you.
You miss the adder. You tail-slap the adder!
The adder is almost dead.
The adder bites you but does no damage.
You hit the adder.
You kill the adder!
You have reached level 5!
Found an arbalest.
No target in view!
o - 2 scrolls labelled UGEHUQ WEAGEREEDU (gained 1)
You now have 114 gold pieces (gained 6).
Found Voza's Antique Armour Boutique.
Found a stone staircase leading down.
Jessica and Grinder come into view.
Jessica is wielding a +0 dagger and carrying a wand of light (9).
Jessica shouts!
Grinder shouts!
Jessica zaps a wand.
The bolt of light hits you!
Grinder blinks!
Grinder says, "You look like you could use a good racking."
Grinder blinks!
Jessica gestures wildly while chanting.
Jessica seems to speed up.
You roll towards Jessica!
You closely miss Jessica.
Your tail-slap misses Jessica.
Jessica zaps a wand.
The bolt of light misses you.
Grinder blinks!
You hit Jessica but do no damage.
Jessica zaps a wand.
The bolt of light hits you! Jessica barely misses you.
Grinder says, "You look like you could use a good racking."
Grinder blinks!
You feel very mighty all of a sudden.
You slurp down every last drop of the potion of might!
Jessica hits you with a +0 dagger.
Jessica zaps a wand.
The bolt of light hits you!
* * * LOW HITPOINT WARNING * * *
You hit Jessica.
You feel better.
Jessica is severely wounded.
Jessica zaps a wand.
The bolt of light hits you!!
You die...

######### ........#
.>......# ........#
........########
.§.?..5..§.@@..###
...!..###..###...##
..... +∩#..# ###..###
.... ###.##
##...######### ##@
#### #####...##..... #
#♣~♣~♣##.##..... ♣♣♣
♣~~~~~♣#.##.....
~≈~♣♣♣♣~~~~~~~........
~~~P~~P~~~~~~P..#.....


You could see Grinder and Jessica (fast).

Vanquished Creatures
  A scorpion (D:3)
  An adder (D:3)
  2 worms (D:2)
  3 dart slugs (D:1)
  5 bats
  6 endoplasms
  2 giant cockroaches
  6 goblins
  6 hobgoblins
  2 jackals (D:1)
  4 kobolds
  2 quokkas
  8 ball pythons
  4 frilled lizards
  3 rats
55 creatures vanquished.

Vanquished Creatures (others)
  2 plants (D:1)
2 creatures vanquished.

Grand Total: 57 creatures vanquished

Notes
Turn   | Place    | Note
-------+----------+-------------------------------------------
     0 | D:1      | cheesebisquit the Armataur Fighter began the quest for the
                  | Orb.
     0 | D:1      | Reached XP level 1. HP: 19/19 MP: 1/1
   209 | D:1      | Reached XP level 2. HP: 19/26 MP: 2/2
   434 | D:1      | Reached XP level 3. HP: 33/33 MP: 3/3
   714 | D:2      | Found a faded altar of an unknown god.
  1294 | D:3      | Reached XP level 4. HP: 39/40 MP: 4/4
  1356 | D:3      | Noticed a scorpion
  1366 | D:3      | Killed a scorpion
  1435 | D:3      | Reached XP level 5. HP: 48/48 MP: 5/5
  1490 | D:3      | Found Voza's Antique Armour Boutique.
  1498 | D:3      | Noticed Jessica
  1498 | D:3      | Noticed Grinder
  1512 | D:3      | Killed from afar by Jessica

Illustrated notes

Levels and vault maps discovered:
D:1:      lightli_arrival_isolated_outpost, layout_basic, serial_bayou_lagoon_a
D:2:      minmay_skewed_foursquare, layout_basic,
          shapermc_ecumenical_altar_starsandcircs,
          chequers_serial_rivers_micro_d
D:3:      layout_basic, serial_shops, nicolae_shop_window_shopping,
          serial_bayou, serial_bayou_pond_a, serial_bayou_crossing,
          serial_bayou_pond_a, serial_bayou_lagoon_b, uniq_jessica, uniq_grinder

Skill      XL: |  1  2  3  4 |
---------------+-------------+-----
Maces & Flails | 2 |  2.8
Armour         | 4 |  4.6
Fighting       | 3 |  3.4
Shields        | 4 |  4.2

Action                     |  1- 3 |  4- 6 || total
---------------------------+-------+-------++-------
  Melee: Flail             |    42 |       ||    42
         Tailslap          |    11 |     3 ||    14
         Whip              |    95 |    24 ||   119
    Use: Potion            |       |     1 ||     1
 Armour: Scale mail        |    66 |     7 ||    73
  Dodge: Dodged            |    44 |     8 ||    52
  Block: Buckler           |    25 |     4 ||    29

Table legend: (Time is in decaauts)
 A = Elapsed time spent in this place.
 B = Non-inter-level travel time spent in this place.
 C = Inter-level travel time spent in this place.
 D = Time resting spent in this place.
 E = Time spent auto-exploring this place.
 F = Levels seen in this place.
 G = Mean time per level.
                   A        B        C        D        E       F      G
               +--------+--------+--------+--------+--------+-----+--------+
         Total |   1526 |   1452 |     74 |      0 |   1076 |   3 |  508.7 |
       Dungeon |   1526 |   1452 |     74 |      0 |   1076 |   3 |  508.7 |
               +--------+--------+--------+--------+--------+-----+--------+

Top non-repeatable levels by time:
     D:1: 724 daAuts
     D:2: 502 daAuts
     D:3: 299 daAuts
